 Dungeon Crawl Stone Soup version 0.28-a0-863-g8cecda6153 (webtiles) character file.

Game seed: 13093960050624607439

500 mandarbmax the Twirler (level 7, -6/72 HPs)
             Began as an Ogre Gladiator on Nov 19, 2021.
             Mangled by an ogre (27 damage)
             ... on level 4 of the Dungeon.
             The game lasted 00:04:33 (3253 turns).

mandarbmax the Twirler (Ogre Gladiator)             Turns: 3253, Time: 00:04:34

Health: -6/72      AC:  4    Str: 19    XL:     7   Next: 16%
Magic:  7/7        EV: 11    Int:  9    God:
Gold:   56         SH:  0    Dex: 12    Spells: 6/6 levels left

rFire   . . .      SeeInvis .   o - +4 quarterstaff (chaos)
rCold   . . .      Faith    .   (shield currently unavailable)
rNeg    . . .      Spirit   .   b - +0 robe
rPois   .          Reflect  .   c - +0 hat
rElec   .          Harm     .   m - +0 cloak
rCorr   .          Rampage  .   (gloves unavailable)
Will    .....                   (boots unavailable)
Stlth   +.........              h - amulet of regeneration
HPRegen 1.22/turn               (no ring)
MPRegen 0.10/turn               (no ring)

@: no status effects
A: large, unfitting armour, tough skin 1
a: no special abilities


You were on level 4 of the Dungeon.
You visited 1 branch of the dungeon, and saw 4 of its levels.

You collected 56 gold pieces.

Inventory:

Hand Weapons
 o - a +4 quarterstaff of chaos (weapon)
Missiles
 d - a throwing net (quivered)
Armour
 b - a +0 robe (worn)
 c - a +0 hat (worn)
 m - a +0 cloak (worn)
Jewellery
 h - an amulet of regeneration (around neck)
Potions
 e - a potion of magic {unknown}
 f - 2 potions of lignification
 g - a potion of mutation {unknown}
 j - a potion of resistance
 l - a potion of degeneration {unknown}
 n - a potion of heal wounds {unknown}


   Skills:
 + Level 5.4 Fighting
 * Level 6.0 Staves
 - Level 2.0 Throwing
 + Level 4.2 Dodging


You had 6 spell levels left.
You didn't know any spells.
Your spell library contained the following spells:

 Spells                   Type           Power      Damage    Failure   Level
 Ensorcelled Hibernation  Hex/Ice        0%         N/A       52%         2
 Tukima's Dance           Hex            0%         N/A       77%         3


Dungeon Overview and Level Annotations

Branches:
Dungeon (4/15)
 Temple: D:4-7

Altars:
Kikubaaqudgha

Portals:
Abyss: D:3

Annotations:
D:3 2 transporters, Blacky's ghost, amateur DrTm


Innate Abilities, Weirdness & Mutations

You are too large for most types of armour.
You have tough skin. (AC +1)


Message History

Things that are here:
a +0 short sword; a kobold corpse You now have 56 gold pieces (gained 16).
Key pressed, stopping explore.
An ogre comes into view. It is wielding a +0 giant club.
The ogre shouts!
An ogre is nearby!
As you read the scroll labelled GAATYNN MUNT, it crumbles to dust.
It is a scroll of identify.
j - a potion of resistance You hit the ogre.
The ogre is lightly wounded.
The ogre closely misses you.
You hit the ogre.
The ogre seems to speed up.
The ogre is moderately wounded.
The ogre barely misses you.
You hit the ogre.
The ogre suddenly seems more agile.
The ogre is heavily wounded.
The ogre hits you with a +0 giant club!
You sock the ogre! You burn the ogre.
The ogre is almost dead.
The ogre hits you with a +0 giant club!!
An iguana comes into view.
You closely miss the ogre.
The ogre is almost dead.
The ogre hits you with a +0 giant club!!
* * * LOW HITPOINT WARNING * * *
You are too injured to fight recklessly!
The ogre hits you with a +0 giant club.
* * * LOW HITPOINT WARNING * * *
It was a potion of curing.
You feel better. The ogre hits you with a +0 giant club!
* * * LOW HITPOINT WARNING * * *
You feel better. The ogre completely misses you.
Really quaff the potion of lignification?
Okay, then.
You closely miss the ogre.
The ogre is almost dead.
The ogre hits you with a +0 giant club!!
You die...

#....# #.#.#..# #
.#.#.#.)#.#
........#.#
.#.#.#....# . #
#.#.##.### ..
#.#.#.##.#####
..#.#.#..........#
....l...@....###.#
.#....O#.####
#.....#.#
........#.#
###.###.#.# ..
..#.# ## #.#.#
#.#.# #.#.#


You could see an ogre (fast, agile) and an iguana.

Vanquished Creatures
  Sigmund (D:3)
  A sky beast (D:3)
  Crazy Yiuf (D:3)
  2 orc wizards (D:3)
  Terence (D:2)
  Robin (D:3)
  4 gnolls (D:3)
  3 adders
  A worm (D:2)
  3 orcs (D:3)
  6 ball pythons
  6 bats
  2 endoplasms
  2 giant cockroaches
  9 goblins
  10 hobgoblins
  10 kobolds
  4 quokkas
  A frilled lizard (D:3)
  4 rats
72 creatures vanquished.

Vanquished Creatures (others)
  4 fungi (D:3)
  8 plants (D:3)
12 creatures vanquished.

Grand Total: 84 creatures vanquished

Notes
Turn   | Place    | Note
-------+----------+-------------------------------------------
     0 | D:1      | mandarbmax the Ogre Gladiator began the quest for the Orb.
     0 | D:1      | Reached XP level 1. HP: 22/22 MP: 1/1
   110 | D:1      | Reached XP level 2. HP: 27/29 MP: 2/2
   756 | D:2      | Reached XP level 3. HP: 37/37 MP: 3/3
  1682 | D:2      | Noticed Terence
  1691 | D:2      | Killed Terence
  1692 | D:2      | Reached skill level 4 in Staves
  1692 | D:2      | Reached XP level 4. HP: 48/48 MP: 4/4
  1747 | D:2      | Found an ancient bone altar of Kikubaaqudgha.
  1939 | D:3      | Noticed Sigmund
  1999 | D:3      | Found a transporter.
  2124 | D:3      | Reached XP level 5. HP: 54/54 MP: 5/5
  2200 | D:3      | Killed Sigmund
  2201 | D:3      | Reached skill level 5 in Staves
  2201 | D:3      | Reached XP level 6. HP: 62/65 MP: 2/6
  2304 | D:3      | Noticed a sky beast
  2336 | D:3      | Killed a sky beast
  2337 | D:3      | Reached skill level 5 in Fighting
  2488 | D:3      | Found a transporter.
  2505 | D:3      | Noticed a small abomination
  2537 | D:3      | Found a one-way gate to the infinite horrors of the Abyss.
  2537 | D:3      | Noticed Blacky's ghost (amateur DrTm)
  2600 | D:3      | Reached XP level 7. HP: 72/72 MP: 7/7
  2729 | D:3      | Identified the +1 helmet of Supple Strength {rElec rF-
                  | Will++ Slay+6}
  2729 | D:3      | Noticed Robin
  2765 | D:3      | Killed Robin
  2871 | D:3      | Found a faded altar of an unknown god.
  2915 | D:3      | Found a runed translucent door.
  2916 | D:3      | Noticed Crazy Yiuf
  3139 | D:3      | Killed Crazy Yiuf
  3140 | D:3      | Reached skill level 6 in Staves
  3253 | D:4      | Mangled by an ogre

Illustrated notes

Levels and vault maps discovered:
D:1:      eino_arrival_cavern_e, layout_rooms
D:2:      layout_loops_corners, basic_altar, uniq_terence
D:3:      layout_loops_ring, shapermc_ecumenical_altar_mp_urbaneastern,
          gammafunk_ghost_abyssal_escape, uniq_robin, uniq_sigmund,
          uniq_crazy_yiuf_cottage
D:4:      layout_basic, mainiacjoe_overflow_boulevard,
          mainiacjoe_overflow_catwalk, minmay_temple_entry_mist, minmay_between

Skill      XL: |  1  2  3  4  5  6  7 |
---------------+----------------------+-----
Fighting       | 3 4 5 |  5.4
Dodging        | 3 4 |  4.2
Staves         | 4 5 6 |  6.0
Throwing       | |  2.0

Action                   |  1- 3 |  4- 6 |  7- 9 || total
-------------------------+-------+-------+-------++-------
Melee: Quarterstaff      |    92 |   114 |    65 ||   271
Throw: Throwing net      |       |     3 |       ||     3
  Use: Scroll            |     2 |     1 |     1 ||     4
       Potion            |       |     1 |     2 ||     3
 Stab: Sleeping          |     2 |     1 |       ||     3
       Distracted        |     1 |       |       ||     1
       Held in net/web   |       |     1 |       ||     1
Armor: Robe              |    26 |    27 |    14 ||    67
       Skin              |       |     7 |       ||     7
Dodge: Dodged            |    44 |    50 |    49 ||   143

Table legend: (Time is in decaauts)
 A = Elapsed time spent in this place.
 B = Non-inter-level travel time spent in this place.
 C = Inter-level travel time spent in this place.
 D = Time resting spent in this place.
 E = Time spent auto-exploring this place.
 F = Levels seen in this place.
 G = Mean time per level.
                   A        B        C        D        E       F      G
               +--------+--------+--------+--------+--------+-----+--------+
         Total |   3282 |   3069 |    213 |    352 |   2077 |   4 |  820.5 |
       Dungeon |   3282 |   3069 |    213 |    352 |   2077 |   4 |  820.5 |
               +--------+--------+--------+--------+--------+-----+--------+

Top non-repeatable levels by time:
     D:3: 1251 daAuts
     D:2: 1249 daAuts
     D:1: 754 daAuts
     D:4: 26 daAuts
